 Dungeon Crawl Stone Soup version 0.31-a0-271-gb88eb75e06 (webtiles) character file.

Game seed: 9303131834212639187

107 LeprechaunX the Changeling (level 4, -3/30 HPs)
             Began as an Octopode Shapeshifter on July 14, 2023.
             Succumbed to a goblin's poison
             ... on level 2 of the Dungeon.
             The game lasted 00:02:31 (1164 turns).

LeprechaunX the Changeling (Octopode Shapeshifter)  Turns: 1164, Time: 00:02:32

Health: -3/30      AC:  1    Str: 14    XL:     4   Next: 86%
Magic:  4/4        EV: 13    Int: 10    God:
Gold:   74         SH:  0    Dex: 14    Spells: 3/3 levels left

rFire   . . .        g - +3 short sword
rCold   . . .        (no shield)
rNeg    . . .        (helmet currently unavailable)
rPois   .            (no amulet)
rElec   .            (no ring)
rCorr   .            (no ring)
SInv    .            (no ring)
Will    .....        (no ring)
Stlth   ++           (no ring)
HPRegen 0.25/turn    (no ring)
MPRegen 0.09/turn    (no ring)
                     (no ring)

%: no passive effects
@: lethally poisoned (-3 -> -23), beast-form
A: beast (slay +2), almost no armour, amphibious, 8 rings, camouflage 1,
gelatinous body 1, (nimble swimmer 1), tentacles
a: Begin Untransformation


You were on level 2 of the Dungeon.
You were a hulking beast.
You visited 1 branch of the dungeon, and saw 2 of its levels.

You collected 74 gold pieces.

Inventory:

Hand Weapons
 g - a +3 short sword (weapon)
Talismans
 b - a beast talisman
Scrolls
 c - a scroll of teleportation {unknown}
 d - 5 scrolls of noise {unknown}
 f - a scroll of revelation {unknown}
Potions
 a - a potion of lignification
 e - 2 potions of invisibility {unknown}
 h - a potion of brilliance {unknown}
 i - 2 potions of curing {unknown}
 j - a potion of berserk rage {unknown}
 k - a potion of cancellation {unknown}


   Skills:
 + Level 2.7 Fighting
 + Level 2.7 Dodging
 + Level 2.8 Unarmed Combat
 * Level 3.8 Shapeshifting


You had 3 spell levels left.
You didn't know any spells.
Your spell library was empty.

Dungeon Overview and Level Annotations

Branches:
Dungeon (2/15)

Altars:


Innate Abilities, Weirdness & Mutations

You are a hulking beast.
Your limbs bulge with bestial killing power. (Slay +2)
You cannot wear most types of armour.
You are amphibious.
You can wear up to eight rings at the same time.
Your skin changes colour to match your surroundings (Stealth+).
Your rubbery body absorbs attacks. (AC +1, EV +1)
((You are camouflaged when in or above water. (Stealth+)))
You have tentacles for arms and can constrict up to eight enemies at once.


Message History

You kill the goblin!
You puncture the hobgoblin!
You kill the hobgoblin!
You closely miss the goblin. Your grab misses the goblin.
You squeeze the goblin.
You kill the goblin!
You swing at nothing.
Robin roars a battlecry!
You swing at nothing.
Robin barely misses you.
You swing at nothing.
Robin closely misses you. Robin hits you but does no damage.
Items here: (( ))) †††.
You closely miss Robin. You grab Robin. You constrict Robin.
Robin throws the goblin at you!
You hit Robin.
Robin is moderately wounded.
You constrict Robin.
Robin hits you with a +0 spear of venom!
You are poisoned.
The goblin hits you with a +0 whip!
You hit Robin but do no damage.
Robin is moderately wounded.
You constrict Robin.
You feel very sick. The goblin misses you.
You puncture Robin!
Robin is almost dead.
You constrict Robin.
You kill Robin!
* * * LOW HITPOINT WARNING * * *
You feel very sick. The goblin closely misses you.
You hit the goblin.
You kill the goblin!
You feel sick.
The goblin hits you with a +1 dagger of venom!
* * * LOW HITPOINT WARNING * * *
You are more poisoned.
You closely miss the goblin. Your grab misses the goblin.
You die...

.....###..#
..........##
...........#####
...............#
####......####.#
#......# #.#
#......# #.#
###+#### #.####
######.)h.# #####
#....####g# .....
#.g.g............
..###
##.gg....#.###....
.....
.......<....... ..
.....
.....g...##.##.
..... ..###.!..#
.. ..... ....?.#
.# ##... #......#
..


You could see a goblin (strong).

Vanquished Creatures
  Robin (D:2)
  3 adders (D:2)
  3 dart slugs (D:1)
  8 bats
  2 endoplasms
  A giant cockroach (D:1)
  10 goblins
  7 hobgoblins
  2 jackals (D:2)
  6 kobolds
  2 quokkas (D:1)
  10 ball pythons
  3 frilled lizards
  3 rats (D:2)
61 creatures vanquished.

Notes
Turn   | Place    | Note
-------+----------+-------------------------------------------
     0 | D:1      | LeprechaunX the Octopode Shapeshifter began the quest for
                  | the Orb.
     0 | D:1      | Reached XP level 1. HP: 14/14 MP: 1/1
    89 | D:1      | Reached XP level 2. HP: 15/19 MP: 2/2
   277 | D:1      | Reached XP level 3. HP: 19/24 MP: 3/3
   601 | D:2      | Noticed Robin
   710 | D:2      | Reached XP level 4. HP: 5/30 MP: 4/4
  1162 | D:2      | Killed Robin
  1163 | D:2      | HP: 1/30 [goblin/+1 dagger of venom[Robin] (7)]
  1164 | D:2      | Succumbed to a goblin's poison

Illustrated notes

Levels and vault maps discovered:
D:1:      spicycebolla_green_bress_n_ham_2, layout_rooms
D:2:      layout_basic, uniq_robin

Action                     |  1- 3 |  4- 6 || total
---------------------------+-------+-------++-------
  Melee: Unarmed           |    41 |       ||    41
         Constrict         |    15 |    11 ||    26
         Tentacles         |     7 |     6 ||    13
         Punch             |     1 |       ||     1
         Short sword       |    18 |    43 ||    61
   Stab: Sleeping          |     7 |       ||     7
 Armour: Skin              |    13 |     1 ||    14
  Dodge: Dodged            |    50 |    23 ||    73

Table legend: (Time is in decaauts)
 A = Elapsed time spent in this place.
 B = Non-inter-level travel time spent in this place.
 C = Inter-level travel time spent in this place.
 D = Time resting spent in this place.
 E = Time spent auto-exploring this place.
 F = Levels seen in this place.
 G = Mean time per level.
                   A        B        C        D        E       F      G
               +--------+--------+--------+--------+--------+-----+--------+
         Total |   1162 |   1099 |     63 |    266 |    546 |   2 |  581.0 |
       Dungeon |   1162 |   1099 |     63 |    266 |    546 |   2 |  581.0 |
               +--------+--------+--------+--------+--------+-----+--------+

Top non-repeatable levels by time:
     D:1: 671 daAuts
     D:2: 490 daAuts
